 Dungeon Crawl Stone Soup version 0.30.1-4-g462c640d31 (webtiles) character file.

Game seed: 12278853888680047995

516 WileyBeast the Chopper (level 7, -12/61 HPs)
             Began as a Minotaur Berserker on Aug 22, 2023.
             Was a Believer of Trog.
             Mangled by an ogre
             ... wielding a +0 giant club
              (21 damage)
             ... on level 4 of the Dungeon.
             The game lasted 00:17:40 (3643 turns).

WileyBeast the Chopper (Minotaur Berserker)         Turns: 3643, Time: 00:17:40

Health: -12/61     AC:  2    Str: 23    XL:     7   Next: 0%
Magic:  6/6        EV: 13    Int:  4    God:    Trog [**....]
Gold:   141        SH:  0    Dex: 10    Spells: 6/6 levels left

rFire   . . .        a - +0 hand axe
rCold   . . .        (no shield)
rNeg    . . .        b - +0 animal skin
rPois   .            (helmet restricted)
rElec   .            (no cloak)
rCorr   .            (no gloves)
SInv    .            (no boots)
Will    ++...        (no amulet)
Stlth   +            (no ring)
HPRegen 1.30/turn    (no ring)
MPRegen 0.10/turn

%: no passive effects
@: strong-willed, on berserk cooldown, regenerating, slowed, very slow
A: horns 2, retaliatory headbutt
a: Renounce Religion, Berserk, Trog's Hand


You were on level 4 of the Dungeon.
You worshipped Trog.
Trog was pleased with you.
You visited 1 branch of the dungeon, and saw 5 of its levels.

You collected 141 gold pieces.

Inventory:

Hand Weapons
 a - a +0 hand axe (weapon)
 n - a +0 dagger
 z - the +10 mace of Imbalance {antimagic, rN+}
   (You found it on level 4 of the Dungeon)

   rN:        It protects you from negative energy.
Missiles
 y - 2 stones (quivered)
Armour
 b - a +0 animal skin (worn)
 c - a +2 scale mail of cold resistance
 h - a +2 pair of boots of rampaging
 p - the +0 helmet "Gires" {Int+3}
   (You took it off Robin on level 2 of the Dungeon)

   Int:       It affects your intelligence (+3).
 q - a +0 scale mail
 u - a +1 helmet
 C - a +0 pair of gloves
Jewellery
 g - a ring of protection from cold
 l - a ring of positive energy
 D - a +6 ring of dexterity
Wands
 x - a wand of roots (2)
Scrolls
 e - a scroll of immolation
 f - 2 scrolls of poison
 i - 3 scrolls of teleportation
 j - a scroll of brand weapon
 k - 2 scrolls of blinking
 r - a scroll of silence
 t - a scroll of vulnerability {unknown}
 v - a scroll of fear {unknown}
Potions
 d - 2 potions of curing
 m - 2 potions of invisibility
 o - a potion of haste
 s - a potion of might
 w - 2 potions of lignification {unknown}
 A - a potion of heal wounds {unknown}
 B - a potion of mutation {unknown}


   Skills:
 + Level 5.3 Fighting
 * Level 6.7 Axes
 + Level 4.5 Armour
 + Level 4.1 Dodging


You had 6 spell levels left.
You didn't know any spells.
Your spell library was empty.

Dungeon Overview and Level Annotations

Branches:
Dungeon (5/15)
 Temple: D:4-7

Altars:
Hepliaklqana
Okawaru
Qazlal


Innate Abilities, Weirdness & Mutations

You have a pair of horns on your head.
You reflexively headbutt those who attack you in melee.


Message History

You see here a +0 ring mail.
There is a stone staircase leading down here.
You climb downwards.
Found 5 gold pieces.
Found a stone staircase leading down.
There is a stone staircase leading up here.
You see here 5 gold pieces.
There is a stone staircase leading up here.
The ogre hits you with a +0 giant club!!
You climb upwards.
There is a stone staircase leading down here.
You slash the ogre!
The ogre is heavily wounded.
You hit the ogre.
The ogre is heavily wounded.
The ogre hits you with a +0 giant club!
You barely miss the ogre. Your headbutt misses the ogre.
The ogre is heavily wounded.
You barely miss the ogre.
The ogre is heavily wounded.
The ogre hits you with a +0 giant club!!
* * * LOW HITPOINT WARNING * * *
A red film seems to cover your vision as you go berserk!
You feel yourself moving faster!
You feel mighty!
The ogre hits you with a +0 giant club!!
* * * LOW HITPOINT WARNING * * *
You are too berserk!
You feel a strong urge to attack something.
You are too berserk!
You feel your anger nearly subside.
You are no longer berserk.
You are exhausted.
You feel yourself slow down.
Your skin crawls.
You feel strong-willed. The ogre barely misses you.
The ogre attacks as you move away! The ogre barely misses you.
The ogre barely misses you. The ogre attacks as you move away!
The ogre hits you with a +0 giant club!!
You die...

#....(.......###...###)#..#
#.#####.#..............#..#
#.# #.#..#.).).#..####..#
#.# ###.#.##.._..##.#
#..##### .#
#......#.)...#..# #.......
###.#
#.###...........####.######
....# #.#
#....###.......#....###
##### #.#
#.#...#....#........... #.#
#.....@O...>.#.###...## #.#
#.##.##..#.###†##.....# #.#
#.##.##.##............. #.#
#.##.##.######.#....... #.#
#. #.[...............<. #.#
#..########.#....... #.#
#..### #.###..<## #.#
#....# #.###...# #.# ##.#.#
#.....)###


You could see an ogre.

Vanquished Creatures
  Sigmund (D:3)
  A scorpion (D:4)
  A jelly (D:4)
  A gnoll bouda (D:4)
  An orc priest (D:4)
  Jessica (D:3)
  Robin (D:2)
  6 gnolls
  5 adders
  6 orcs (D:4)
  4 endoplasms
  3 giant cockroaches
  11 goblins
  7 hobgoblins
  4 jackals (D:2)
  A quokka (D:4)
  11 ball pythons
  4 bats
  A frilled lizard (D:2)
  5 kobolds
  5 rats
80 creatures vanquished.

Notes
Turn   | Place    | Note
-------+----------+-------------------------------------------
     0 | D:1      | WileyBeast the Minotaur Berserker began the quest for the
                  | Orb.
     0 | D:1      | Reached XP level 1. HP: 19/19 MP: 0/0
   239 | D:1      | Reached XP level 2. HP: 23/27 MP: 1/1
   275 | D:1      | Reached skill level 4 in Axes
   729 | D:2      | Reached XP level 3. HP: 30/33 MP: 2/2
  1278 | D:2      | Identified the +0 helmet "Gires" {Int+3}
  1278 | D:2      | Noticed Robin
  1306 | D:2      | Killed Robin
  1306 | D:2      | Reached ** piety under Trog
  1307 | D:2      | Reached XP level 4. HP: 23/40 MP: 3/3
  1398 | D:2      | Found a stormy altar of Qazlal.
  2147 | D:3      | Noticed Jessica
  2160 | D:3      | Killed Jessica
  2161 | D:3      | Reached skill level 5 in Axes
  2221 | D:3      | Noticed Sigmund
  2265 | D:4      | Reached XP level 5. HP: 33/47 MP: 4/4
  2379 | D:3      | Killed Sigmund
  2380 | D:3      | Reached skill level 5 in Fighting
  2380 | D:3      | Reached skill level 6 in Axes
  2380 | D:3      | Reached XP level 6. HP: 56/56 MP: 5/5
  2705 | D:4      | Found an iron altar of Okawaru.
  2708 | D:4      | Identified the +10 mace of Imbalance {antimagic, rN+}
  3168 | D:4      | Reached XP level 7. HP: 53/61 MP: 6/6
  3498 | D:4      | Found a hazy altar of Hepliaklqana.
  3621 | D:5      | Entered Level 5 of the Dungeon
  3634 | D:4      | HP: 2/91 [ogre/+0 giant club (21)]
  3643 | D:4      | Mangled by an ogre

Illustrated notes

Levels and vault maps discovered:
D:1:      moated_graveyard_arrival, layout_basic
D:2:      layout_basic, basic_altar, uniq_robin
D:3:      layout_basic, nicolae_titane, uniq_sigmund, uniq_jessica
D:4:      layout_loops_ring, lemuel_coloured_pillars_altar,
          okawaru_ov_weapons_minmay
D:5:      layout_basic, serial_curves, eino_curves_01, eino_curves_04,
          serial_shops, shop, lemuel_flamethrower_1, uniq_ijyb, uniq_duvessa

Skill      XL: |  1  2  3  4  5  6 |
---------------+-------------------+-----
Axes           | 4 5 6 |  6.7
Fighting       | 4 5 |  5.3
Armour         | 3 4 |  4.5
Dodging        | 3 4 |  4.1

Action                     |  1- 3 |  4- 6 |  7- 9 || total
---------------------------+-------+-------+-------++-------
  Melee: Hand axe          |    69 |    72 |    16 ||   157
         Headbutt          |    10 |     7 |     2 ||    19
  Throw: Stone             |       |     4 |       ||     4
 Invoke: Berserk           |     3 |     5 |     1 ||     9
         Trog's Hand       |       |     1 |     1 ||     2
    Use: Scroll            |     3 |     6 |       ||     9
         Potion            |       |     1 |       ||     1
 Armour: Animal skin       |    14 |     9 |     1 ||    24
  Dodge: Dodged            |    36 |    57 |    12 ||   105
